 Dungeon Crawl Stone Soup version 0.29.0-5-ge4962eb29e (webtiles) character file.

Game seed: 5941060830835672140

2 RevDB the Ruffian (level 1, 16/16 HPs)
             Began as a Draconian Transmuter on Aug 29, 2022.
             Quit the game on level 1 of the Dungeon.
             The game lasted 00:01:03 (51 turns).

RevDB the Ruffian (Draconian Transmuter)              Turns: 51, Time: 00:01:04

Health: 16/16      AC:  4    Str: 12    XL:     1   Next: 25%
Magic:  3/3        EV: 12    Int: 13    God:
Gold:   0          SH:  0    Dex: 11    Spells: 3/4 levels left

rFire   . . .      SeeInvis .     - Unarmed
rCold   . . .      Faith    .   (no shield)
rNeg    . . .      Spirit   .   (body armour unavailable)
rPois   .          Reflect  .   (helmet restricted)
rElec   .          Harm     .   (no cloak)
rCorr   .          Rampage  .   (no gloves)
Will    .....                   (no boots)
Stlth   +.........              (no amulet)
HPRegen 0.05/turn               (no ring)
MPRegen 0.08/turn               (no ring)

@: no status effects
A: AC +4, unfitting armour, cold-blooded
a: no special abilities


You were on level 1 of the Dungeon.
You visited 1 branch of the dungeon, and saw 1 of its levels.

Inventory:

Potions
 a - a potion of lignification


   Skills:
 + Level 1.4 Fighting
 - Level 1.7 Dodging
 - Level 3.0 Unarmed Combat
 - Level 2.0 Spellcasting
 - Level 2.0 Transmutations


You had 3 spell levels left.
You knew the following spells:

 Your Spells              Type           Power      Damage    Failure   Level
a - Beastly Appendage     Tmut           12%        N/A       11%         1

Your spell library contained the following spells:

 Spells                   Type           Power      Damage    Failure   Level
 Wereblood                Tmut           6%         N/A       17%         2
 Spider Form              Tmut/Pois      3%         N/A       45%         3
 Ice Form                 Ice/Tmut       3%         N/A       86%         4


Dungeon Overview and Level Annotations

Branches:
Dungeon (1/15)

Altars:


Innate Abilities, Weirdness & Mutations

Your plain brown scales are hard. (AC +4)
You cannot fit into any form of body armour.
You are cold-blooded and may be slowed by cold attacks.


Message History

Welcome, RevDB the Draconian Transmuter.
The Orb of Zot is coveted for many reasons.
Will you seize it for your own?
Press ? for a list of commands and other information.
Found a staircase leading out of the dungeon.
A bat comes into view.
Found a stone staircase leading down.
A bat and a rat come into view.
Found a glowing leather armour.
The bat hits you but does no damage.
Casting: Beastly Appendage (safe; 11% risk of failure)
Confirm with . or Enter, or press ? or * to list all spells.
You grow a pair of large bovine horns.
Your feet morph into talons.
The bat barely misses you.
You barely miss the bat. Your kick misses the bat. The bat barely misses you.
You closely miss the bat. Your kick misses the bat.
Your headbutt misses the bat.
Your tail-slap misses the bat.
The bat barely misses you. The bat completely misses you.
You hit the bat.
The bat is severely wounded.
The bat hits you but does no damage. x2
You miss the bat. The bat closely misses you. The bat barely misses you.
The rat completely misses you. The bat misses you. The bat barely misses you.
You closely miss the bat. You claw the bat.
You kill the bat!
Your transformation is almost over.
The bat misses you. The rat bites you but does no damage.
You closely miss the rat.
You tail-slap the rat, but do no damage.
The bat completely misses you. The rat closely misses you.
You hit the rat.
You kill the rat!
The bat hits you but does no damage. The bat hits you but does no damage.
You miss the bat. You claw the bat.
You kill the bat!
Okay, then.
Your horns disappear.
Your talons disappear.
You see here a +2 leather armour of positive energy.
Unknown command.
Unknown command.
Are you sure you want to abandon this character and quit the game? (Confirm with "yes".)

#........ #.......
#......# #......#
....
#......#.......
#......#......#
#....#.#.......
#..@.#.#.....#
#....#.#.....#
##.#.........#
...#.........#..
#.####............
.. #............ .
#....#####....#
####....# ....#
........# #....#


There were no monsters in sight!

Vanquished Creatures
  2 bats (D:1)
  A rat (D:1)
3 creatures vanquished.

Notes
Turn   | Place    | Note
-------+----------+-------------------------------------------
     0 | D:1      | RevDB the Draconian Transmuter began the quest for the Orb.
     0 | D:1      | Reached XP level 1. HP: 16/16 MP: 3/3
    51 | D:1      | Quit the game

Illustrated notes

Levels and vault maps discovered:
D:1:      amcnicky_arrival_single_pillar, layout_basic

Action                   || total
-------------------------++-------
Melee: Unarmed           ||     8
       Kick              ||     2
       Tailslap          ||     1
 Cast: Beastly Appendage ||     1
Armor: Skin              ||     6
Dodge: Dodged            ||    12
